 Dungeon Crawl Stone Soup version 0.30-a0-1085-g990a428a5c (webtiles) character file.

Game seed: 3111398198203837144

468968 a3don the Warrior (level 23, 0/270 (279) HPs)
             Began as a Purple Draconian Ice Elementalist on Apr 14, 2023.
             Was an Initiate of Gozag.
             Killed from afar by a golden dragon (27 damage)
             ... with a bolt of fire
             ... on level 4 of the Vaults on Apr 16, 2023.
             The game lasted 05:33:10 (69237 turns).

a3don the Warrior (DrIE)                           Turns: 69237, Time: 05:33:11

HP:   0/270 (279)   AC: 37    Str: 17    XL:     23   Next: 21%
MP:   20/55         EV: 14    Int: 33    God:    Gozag
Gold: 4470          SH:  8    Dex: 11    Spells: 3/58 levels left

rFire   x . .      SeeInvis .    v - +8 mace of Beur {freeze, Int+3}
rCold   + . .      Faith    .    J - +3 buckler {AC+3}
rNeg    + . .      Spirit   .    (body armour unavailable)
rPois   ∞          Reflect  .    W - +3 hat of Pondering {ponderous, Will+ MP+10 Int+5}
rElec   +          Rampage  .    I - +2 cloak {rPois}
rCorr   .                        L - melded +2 pair of gloves {Dex+3}
Will    ++++.                    p - melded +2 pair of boots {Fly}
Stlth   +++                      S - amulet "Guicen" {RegenMP Fragile Str+6}
HPRegen 0.65/turn                Z - ring of ice
MPRegen 0.74/turn                N - ring of wizardry

@: brilliant, about to teleport, statue-form, studying Stealth, lightly drained,
very slow
A: slow and powerful, torment resistance 1, boosted hp, (breathe power), AC +11,
unfitting armour, cold-blooded, weak 1, subdued magic 1
}: 3/15 runes: decaying, slimy, gossamer
a: End Transformation, Renounce Religion, Potion Petition, Call Merchant, Bribe
Branch


You were on level 4 of the Vaults.
You worshipped Gozag.
Gozag was most pleased with you.
You were a living statue of rough stone.
You visited 8 branches of the dungeon, and saw 43 of its levels.
You also visited: Bailey and Wizlab.

You collected 22831 gold pieces.
You spent 2851 gold pieces at shops.
You paid 15510 gold pieces to Gozag.

Inventory:

Hand Weapons
 m - the +11 Singing Sword {sonic wave}
   (You found it on level 5 of the Lair of Beasts)
 v - the +8 mace of Beur (weapon) {freeze, Int+3}
   (You took it off a hobgoblin on level 3 of the Dungeon)

   Int:       It affects your intelligence (+3).
 U - the +3 short sword of Hoiziel {flame, rF+ rC+ Int+2}
   (You found it on level 2 of the Lair of Beasts)

   Int:       It affects your intelligence (+2).
   rF:        It protects you from fire.
   rC:        It protects you from cold.
Missiles
 f - 6 throwing nets
 h - 39 boomerangs (quivered)
Armour
 p - a +2 pair of boots of flying (melded)
 I - a +2 cloak of poison resistance (worn)
 J - a +3 buckler of protection (worn)
 L - a +2 pair of gloves of dexterity (melded)
 W - the +3 hat of Pondering (worn) {ponderous, Will+ MP+10 Int+5}
   (You took it off Gastronok on level 2 of the Lair of Beasts)

   Int:       It affects your intelligence (+5).
   MP:        It affects your magic capacity (+10).
   Will:      It increases your willpower.
Jewellery
 c - a ring of flight
 j - a ring of see invisible
 l - the ring "Nonnokk" {Fly rElec rC+ rCorr Slay+3}
   (You took it off a centaur warrior on level 12 of the Dungeon)

   [ring of protection from cold]

   Slay:      It affects your accuracy & damage with ranged weapons and melee
   (+3).
   rC:        It protects you from cold.
   rElec:     It insulates you from electricity.
   Fly:       It grants you flight.
   rCorr:     It protects you from acid and corrosion.
 E - a ring of resist corrosion
 G - a ring of protection from cold
 M - a ring of magical power
 N - a ring of wizardry (right fist)
 Q - a ring of positive energy
 S - the amulet "Guicen" (around neck) {RegenMP Fragile Str+6}
   (You took it off a skeletal warrior on level 12 of the Dungeon)

   [amulet of magic regeneration]

   It increases your rate of magic regeneration.
   Str:       It affects your strength (+6).
   Fragile:   It will be destroyed if unequipped.
 Z - a ring of ice (left fist)
Wands
 F - a wand of acid (23)
 H - a wand of digging (39)
 V - a wand of flame (70)
Scrolls
 b - 5 scrolls of vulnerability
 g - 3 scrolls of silence
 i - 9 scrolls of teleportation
 q - 2 scrolls of fear
 r - 5 scrolls of poison
 t - 5 scrolls of immolation
 y - 3 scrolls of butterflies
 B - 2 scrolls of magic mapping
 C - 2 scrolls of fog
 Y - 3 scrolls of blinking
Potions
 a - 3 potions of magic
 d - 12 potions of attraction
 e - 4 potions of ambrosia
 k - 8 potions of curing
 n - 4 potions of might
 o - 5 potions of brilliance
 s - 5 potions of heal wounds
 z - 6 potions of cancellation
 A - 2 potions of haste
 D - 4 potions of mutation
 K - a potion of invisibility
 O - 13 potions of flight
 P - 6 potions of lignification
 R - 3 potions of resistance
Miscellaneous
 u - a phantom mirror
 w - a tin of tremorstones (2/2)
 x - a phial of floods
 T - a lightning rod (4/4)
 X - a box of beasts


   Skills:
 - Level 20.0 Fighting
 - Level 6.9 Long Blades
 - Level 6.2 Maces & Flails
 - Level 7.5 Dodging
 - Level 5.0 Stealth
 - Level 6.0 Shields
 - Level 18.4 Spellcasting
 - Level 12.2 Conjurations
 - Level 4.4 Summonings
 - Level 4.0 Necromancy
 - Level 5.0 Translocations
 - Level 12.5 Transmutations
 * Level 16.8 Fire Magic
 + Level 16.3 Ice Magic
 - Level 10.3 Air Magic
 - Level 11.8 Earth Magic
 - Level 4.0 Poison Magic
 - Level 0.5 Evocations


You had 3 spell levels left.
You knew the following spells:

 Your Spells              Type           Power      Damage    Failure   Level
a - Ignition              Fire           52%        3d14      3%          8
b - Frozen Ramparts       Ice            100%       1d16      0%          3
c - Ozocubu's Armour      Ice            100%       N/A       0%          3
d - Ozocubu's Refrigerat  Ice            63%        4d21      1%          7
e - Stone Arrow           Conj/Erth      100%       3d13      0%          3
f - Borgnjor's Vile Clut  Necr/Erth      38%        N/A       1%          5
g - Passage of Golubria   Tloc           65%        N/A       1%          4
i - Lee's Rapid Deconstr  Erth           45%        3d22*     1%          5
j - Statue Form           Tmut/Erth      60%        N/A       1%          6
k - Freezing Cloud        Conj/Ice/Air   58%        6-21      1%          5
l - Plasma Beam           Fire/Air       47%        2x1d68    1%          6

Your spell library contained the following spells:

 Spells                   Type           Power      Damage    Failure   Level
 Freeze                   Ice            100%       1d10      0%          1
 Magic Dart               Conj           100%       1d8       0%          1
 Sandblast                Erth           100%       2d20      0%          1
 Passwall                 Tmut/Erth      75%        N/A       0%          2
 Wereblood                Tmut           92%        N/A       0%          2
 Hailstorm                Conj/Ice       100%       3d20      0%          3
 Ignite Poison            Fire/Tmut/Pois 88%        N/A       0%          3
 Slow                     Hex            100%       N/A       1%          1
 Sting                    Tmut/Pois      100%       1d8       1%          1
 Summon Small Mammal      Summ           100%       N/A       1%          1
 Call Imp                 Summ           100%       N/A       1%          2
 Ensorcelled Hibernation  Hex/Ice        100%       N/A       1%          2
 Poisonous Vapours        Pois/Air       100%       N/A       1%          2
 Sublimation of Blood     Necr           60%        N/A       1%          2
 Call Canine Familiar     Summ           62%        N/A       1%          3
 Confusing Touch          Hex            35%        N/A       1%          3
 Dazzling Flash           Conj/Hex       100%       N/A       1%          3
 Inner Flame              Hex/Fire       78%        N/A       1%          3
 Mephitic Cloud           Conj/Pois/Air  80%        N/A       1%          3
 Portal Projectile        Hex/Tloc       100%       N/A       1%          3
 Spider Form              Tmut/Pois      78%        N/A       1%          3
 Vampiric Draining        Necr           60%        2d10      1%          3
 Vhi's Electric Charge    Tloc/Air       100%       N/A       1%          3
 Flame Wave               Conj/Fire      98%        2d20      0%          4
 Ice Form                 Ice/Tmut       100%       N/A       0%          4
 Sticky Flame             Conj/Fire      98%        2d11      0%          4
 Leda's Liquefaction      Hex/Erth       34%        N/A       1%          4
 Manifold Assault         Tloc           65%        N/A       1%          4
 Olgreb's Toxic Radiance  Pois           60%        N/A       1%          4
 Petrify                  Tmut/Erth      91%        N/A       1%          4
 Summon Ice Beast         Ice/Summ       100%       N/A       1%          4
 Summon Lightning Spire   Summ/Air       74%        N/A       1%          4
 Alistair's Intoxication  Tmut/Pois      52%        N/A       1%          5
 Arcjolt                  Conj/Air       44%        1d54      1%          5
 Blade Hands              Tmut           46%        N/A       1%          5
 Metabolic Englaciation   Hex/Ice        49%        N/A       1%          5
 Silence                  Hex/Air        32%        N/A       1%          5
 Summon Forest            Summ/Tloc      31%        N/A       1%          5
 Yara's Violent Unravell  Hex/Tmut       35%        3d14      1%          5
 Conjure Ball Lightning   Conj/Air       44%        3x3d15    1%          6
 Anguish                  Hex/Necr       25%        N/A       2%          4
 Agony                    Necr           60%        N/A       2%          5
 Eringya's Noxious Bog    Tmut/Pois      39%        N/A       2%          6
 Cause Fear               Hex            17%        N/A       5%          4
 Summon Mana Viper        Hex/Summ       51%        N/A       6%          5
 Dispersal                Tloc           32%        N/A       11%         6
 Summon Cactus Giant      Summ           31%        N/A       13%         6
 Death Channel            Necr           30%        N/A       16%         6
 Lehudib's Crystal Spear  Conj/Erth      45%        10d11     26%         8
 Maxwell's Capacitive Co  Air            42%        ∞         45%         8
 Summon Hydra             Summ           31%        N/A       58%         7
 Necromutation            Tmut/Necr      39%        N/A       73%         8
 Enfeeble                 Hex            17%        N/A       99%         7
 Borgnjor's Revivificati  Necr           30%        N/A       99%         8
 Disjunction              Tloc           32%        N/A       99%         8
 Discord                  Hex            17%        N/A       100%        8
 Death's Door             Necr           30%        N/A       100%        9
 Animate Armour           Summ/Erth      Unusable   N/A       N/A         4
 Animate Dead             Necr           Unusable   N/A       N/A         4
 Simulacrum               Ice/Necr       Unusable   N/A       N/A         6

Dungeon Overview and Level Annotations

Branches:
Dungeon (15/15)            Temple (0/1) D:4            Lair (5/5) D:8
  Swamp (4/4) Lair:3       Spider (4/4) Lair:2        Slime (5/5) Lair:4
    Orc (2/2) D:9             Elf (3/3) Orc:2        Vaults (5/5) D:14
  Crypt (0/3) Vaults:3     Depths (0/4) D:15         Bailey (visited)
 WizLab (visited)

Altars:
Cheibriados
Dithmenos
Fedhas
Gozag
Hepliaklqana
Ru
Sif Muna
Trog
Uskayaw
Vehumet
Wu Jian
Xom
Zin
Jiyva

Shops:
D:4 *   D:5 *(![!   D:7 (   D:8 [   D:9 [   D:10 [   D:13 [   D:14 ?!   D:15 *
Orc:2 ?**[:   Elf:1 =[   Elf:3 =   Lair:3 ?   Lair:5 =!   Swamp:3 =
Vaults:1 =   Vaults:4 *

Annotations:
Lair:3 exclusion: downstairs
Elf:2 3 runed translucent doors


Innate Abilities, Weirdness & Mutations

You are a living statue of rough stone.
Your actions are slow, but your melee attacks are powerful.
You are resistant to unholy torment.
Your maximum health is greatly increased.
You are immune to poison.
Your equipment is partially melded.
((You can breathe bolts of dispelling energy.))
((Your rich purple scales are hard. (AC +11)))
You cannot fit into any form of body armour.
You are cold-blooded and may be slowed by cold attacks.
You are weak. (Str -2)
Your spells are a little easier to cast, but a little less powerful.


Message History

The golden dragon is heavily wounded.
The fireball engulfs the shadow dragon!
You kill the shadow dragon!
The fireball engulfs the tentacled monstrosity!
The tentacled monstrosity resists.
The tentacled monstrosity is severely wounded.
The fireball engulfs the tentacled monstrosity.
The tentacled monstrosity resists.
The tentacled monstrosity is severely wounded.
The deep elf high priest is distracted by your dazzling golden aura.
A deep elf high priest comes into view. It is wielding a +0 short sword.
The golden dragon bites you!!
* * * LOW HITPOINT WARNING * * *
The golden dragon claws you but does no damage.
You block the golden dragon's attack.
Unknown command.
The tengu reaver points at you and mumbles some strange words.
The bolt of lightning hits you! You resist.
* * * LOW HITPOINT WARNING * * *
The golden dragon barely misses you.
The golden dragon claws you but does no damage.
The golden dragon tramples you.
* * * LOW HITPOINT WARNING * * *
You hold your ground!
The golden dragon bites you!
* * * LOW HITPOINT WARNING * * *
The golden dragon claws you but does no damage.
The golden dragon tramples you but does no damage.
The deep elf high priest shouts!
You climb upwards.
There is a stone staircase leading down here.
As you read the scroll of teleportation, it crumbles to dust.
You feel strangely unstable. The golden dragon bites you!
* * * LOW HITPOINT WARNING * * *
The golden dragon claws you.
* * * LOW HITPOINT WARNING * * *
The golden dragon tramples you but does no damage.
The golden dragon breathes fire at you. The bolt of fire hits you!!
The fire burns you terribly!
You die...
Your body crumbles into a pile of gold.

#...'.'..#
###############...#'#+##
#.#...........#####.'.#
#.###.#.#.######.'.##'##
##########.#.#?#.#...#.##'#+#...#
.#...#...#.#.#####.###.#..#.'...#
.#...#...#...........#.'..###...#
.##.##...#.#.#..D..###.#######'##
#.....####.#.#..8D.#.#.# #......'
#.....#..'.###[....#)#.# #......#
.........#...#.........# #......#
#.....#..#####.###.###.# #...<..#
#.....####...#.#.#.#[#.# #......#
.##.##...#.###.#.###[#.# #......#
.#...#...#.........#...# #......#
.#...#...###########'#########'##
########## #..............


You could see 2 golden dragons.

Vanquished Creatures
  the Royal Jelly (Slime:5)
  An ancient lich (Vaults:5)
  Bai Suzhen (Spider:3)
  3 golden dragons (Vaults:5)
  A bone dragon (Swamp:4)
  Arachne (Spider:2)
  Jorgrun (Spider:2)
  5 tentacled monstrosities
  A quicksilver dragon (Vaults:5)
  2 deep elf master archers (Elf:3)
  A deep elf blademaster (Elf:3)
  26 acid blobs
  2 titans (Vaults:5)
  6 shadow dragons
  Gastronok (Lair:2)
  Kirke (Spider:4)
  2 sphinxes
  A tengu reaver (Vaults:2)
  A storm dragon (Vaults:5)
  Roxanne (Spider:4)
  A fenstrider witch (Swamp:1)
  2 fire giants
  17 azure jellies
  5 deep elf sorcerers
  An iron dragon (Vaults:4)
  10 rockslimes
  A frost giant (Vaults:5)
  Aizul (Spider:4)
  2 ghost moths (Spider:4)
  2 ghouls (Swamp:3)
  19 vault wardens
  2 orc warlords (Vaults:4)
  4 emperor scorpions
  15 ironbound preservers
  2 war gargoyles
  4 broodmothers
  3 deep elf elementalists (Elf:3)
  7 quicksilver oozes
  A stone giant (Vaults:5)
  10 very ugly things
  12 ironbound thunderhulks
  6 eleionomae
  3 deep elf demonologists
  8 deep elf annihilators
  10 bunyips
  The ghost of LustLizard the Geomancer, a journeyman DEAE of Vehumet (Lair:5)
  17 dire elephants
  3 spark wasps
  Snorg (D:10)
  7 deep elf death magi
  Josephine (D:10)
  3 ettins
  A crystal guardian (Vaults:4)
  3 deep elf high priests
  14 yaktaur captains
  5 great orbs of eyes
  3 shambling mangroves (Swamp:3)
  36 vault guards
  3 peacekeepers
  11 hydras
  Fannar (D:11)
  3 catoblepae
  4 ghost crabs
  Harold (D:11)
  5 entropy weavers
  2 ogre magi
  11 ironbound frosthearts
  2 radroaches
  A death knight (D:12)
  13 death yaks
  5 jorogumos (Spider:4)
  17 centaur warriors
  12 dancing weapons
  4 boulder beetles
  12 alligators
  18 two-headed ogres
  3 tengu warriors (D:13)
  A deep troll shaman (Lair:5)
  A soul eater (Vaults:3)
  6 orc high priests
  A titan zombie (Vaults:3)
  2 shock serpents (shapeshifter)
  4 skysharks
  A shadow wraith (Vaults:5)
  Nergalle (D:10)
  6 sun moths
  8 deep elf knights
  A skyshark (shapeshifter) (Vaults:4)
  16 skeletal warriors
  6 goliath frogs
  13 pharaoh ants
  The ghost of SirDiesAlot the Charlatan, a novice DEFE of Gozag (D:6)
  A death drake (Swamp:4)
  The ghost of LobsterGuardian the Summoner, a novice BaSu of Cheibriados (D:6)
  2 flayed ghosts
  5 steelbarb worms
  7 lindwurms
  41 deep trolls
  8 bog bodies
  2 glowing orange brains
  9 spriggan druids
  4 swamp dragons (Swamp:3)
  5 spectral hydras (Swamp:4)
  14 ironbound convokers
  A tengu zombie (D:15)
  5 phantasmal warriors
  7 deep elf archers
  9 orb spiders
  14 harpies
  26 deep elf pyromancers
  4 wizards
  16 deep elf zephyrmancers
  3 orc sorcerers (Orc:2)
  5 necromancers
  26 ugly things
  6 manticores
  A wolf spider (shapeshifter) (Elf:3)
  20 wolf spiders
  6 moths of wrath
  A shining eye (shapeshifter) (Vaults:5)
  6 shining eyes
  A sphinx skeleton (Vaults:4)
  A fire giant zombie (D:15)
  12 orc knights
  5 will-o-the-wisps
  8 cyclopes
  A moth of wrath (shapeshifter) (Elf:3)
  2 fire giant skeletons
  A black mamba (shapeshifter) (D:14)
  18 elephants
  18 vault sentinels
  118 slime creatures
  3 black mambas
  6 demonic crawlers
  A stone giant skeleton (Vaults:4)
  11 cane toads
  4 eyes of devastation
  A spriggan zombie (D:15)
  A gargoyle (D:12)
  6 torpor snails
  Maggie (Lair:2)
  An unseen horror (shapeshifter) (D:15)
  2 swamp worm zombies (Swamp:4)
  5 kobold demonologists (D:12)
  25 yaktaurs
  3 human zombies
  2 rime drakes
  10 komodo dragons
  4 hydra zombies (Swamp:4)
  A freezing wraith (D:14)
  A queen bee (shapeshifter) (Vaults:1)
  An efreet (D:11)
  A guardian mummy (D:15)
  A meliai (Lair:2)
  12 tyrant leeches
  8 trolls
  9 polar bears
  25 tarantellas
  A wolf spider simulacrum (D:15)
  18 hornets
  3 bloated husks
  6 blink frogs
  2 ettin zombies
  A fire giant simulacrum (Vaults:3)
  6 dream sheep (Lair:5)
  6 alligator zombies (Swamp:4)
  A deep troll zombie (Vaults:3)
  2 spectral swamp dragons (Swamp:4)
  36 jumping spiders
  33 culicivoras
  A centaur simulacrum (D:15)
  14 spriggans
  4 shadows
  3 vampires
  8 wraiths
  An air elemental (Elf:1)
  2 wyverns
  5 water elementals
  8 golden eyes
  3 hogs (Spider:4)
  2 fire elementals
  A yak (shapeshifter) (Elf:1)
  60 yaks
  4 basilisks
  2 steam dragons
  71 redbacks
  5 wargs
  15 vampire mosquitoes
  Edmund (D:5)
  12 swamp worms
  An acid dragon (D:9)
  A swamp worm (shapeshifter) (Vaults:4)
  2 floating eyes
  20 water moccasins
  8 swamp drakes
  2 black bears
  2 sky beasts
  38 orc warriors
  4 ice beasts
  2 swamp dragon zombies (Swamp:4)
  27 wolves
  27 centaurs
  8 ogres
  10 phantoms
  5 kobold brigands
  6 bullfrogs
  3 earth elementals
  2 scorpions
  A human skeleton (Vaults:2)
  2 wights (D:9)
  21 killer bees
  3 howler monkeys
  An electric eel (D:6)
  3 hounds
  2 jellies
  26 orc priests
  2 gnoll boudas
  4 iguanas
  28 orc wizards
  Natasha (D:3)
  A spectral swamp drake (Swamp:4)
  7 ogre zombies
  A boggart simulacrum (D:15)
  11 gnolls
  5 adders
  A shadow imp (D:8)
  3 white imps
  2 ufetubi
  3 worms
  8 dart slugs
  60 orcs
  7 endoplasms
  5 giant cockroaches
  7 goblins
  18 hobgoblins
  A jackal (D:3)
  4 quokkas
  5 ball pythons
  3 bats
  2 frilled lizards (D:1)
  2 goblin skeletons (D:9)
  A goblin zombie (D:9)
  2 hobgoblin zombies (D:9)
  39 kobolds
  3 orc skeletons (D:9)
  11 orc zombies (D:9)
  7 rats
1901 creatures vanquished.

Vanquished Creatures (collateral kills)
  Mlioglotl (Spider:3)
1 creature vanquished.

Vanquished Creatures (others)
  2 deep elf knights (Elf:1)
  A wizard (Vaults:3)
  A yaktaur (Vaults:4)
  A hydra zombie (Swamp:4)
  4 bloated husks
  A spriggan (Swamp:2)
  A human (Spider:4)
  A swamp worm (Swamp:3)
  An orc wizard (Orc:2)
  A fire vortex (D:14)
  20 foxfires
  23 fungi
  37 plants
  19 withered plants (D:15)
113 creatures vanquished.

Grand Total: 2015 creatures vanquished

Notes
Turn   | Place    | Note
-------+----------+-------------------------------------------
     0 | D:1      | a3don the Draconian Ice Elementalist began the quest for
                  | the Orb.
     0 | D:1      | Reached XP level 1. HP: 14/14 MP: 3/3
   177 | D:1      | Reached XP level 2. HP: 15/20 MP: 0/5
   952 | D:1      | Reached XP level 3. HP: 26/26 MP: 4/6
  1198 | D:2      | Learned a level 3 spell: Frozen Ramparts
  1202 | D:2      | Learned a level 3 spell: Ozocubu's Armour
  2116 | D:2      | Reached XP level 4. HP: 34/34 MP: 1/8
  2120 | D:2      | Reached skill level 1 in Fighting
  2279 | D:3      | Noticed an ogre
  2437 | D:3      | Found the +3 salamander hide armour {Flames, rFlCloud rF++
                  | rC--}
  2540 | D:3      | Found an opulent altar of Gozag.
  2549 | D:3      | Became a worshipper of Gozag Ym Sagoz the Greedy
  2569 | D:3      | Noticed Natasha
  2586 | D:3      | Killed Natasha
  2587 | D:3      | Reached XP level 5. HP: 27/41 MP: 2/9
  2641 | D:3      | Identified the +8 mace of Beur {freeze, Int+3}
  3060 | D:3      | Found a blossoming altar of Fedhas.
  3411 | D:3      | Killed an ogre
  3412 | D:3      | Reached skill level 2 in Fighting
  3412 | D:3      | Reached skill level 5 in Ice Magic
  3728 | D:3      | Reached XP level 6. HP: 28/50 MP: 8/11
  3966 | D:4      | Found a sacrificial altar of Ru.
  4053 | D:4      | Reached skill level 3 in Fighting
  4053 | D:4      | Reached skill level 1 in Maces & Flails
  4511 | D:4      | Found a staircase to the Ecumenical Temple.
  4655 | D:4      | Found Roronaen's Retail Resort.
  4670 | D:4      | Your scales start taking on a rich purple colour.
  4670 | D:4      | Reached XP level 7. HP: 57/57 MP: 7/14
  4674 | D:4      | Learned a level 3 spell: Stone Arrow
  4751 | D:5      | Entered Level 5 of the Dungeon
  4751 | D:5      | Noticed Edmund
  4763 | D:5      | Killed Edmund
  4922 | D:5      | Found Ituymnix's Antique Weapon Boutique.
  4934 | D:5      | Reached skill level 5 in Spellcasting
  4934 | D:5      | Reached skill level 1 in Earth Magic
  4995 | D:5      | Reached skill level 1 in Conjurations
  5100 | D:5      | Found Ten Wepp's Armour Emporium.
  5109 | D:5      | Bought a +0 pair of gloves for 45 gold pieces
  5211 | D:5      | Reached XP level 8. HP: 53/66 MP: 7/16
  5303 | D:5      | Reached skill level 4 in Fighting
  5409 | D:5      | Found Lolog's Distillery.
  5416 | D:5      | Bought a potion of curing for 33 gold pieces
  5416 | D:5      | Bought a potion of heal wounds for 55 gold pieces
  5575 | D:5      | Found Qaelu's Distillery.
  5615 | D:5      | Found a radiant altar of Vehumet.
  5704 | D:5      | Found a snail-covered altar of Cheibriados.
  5750 | D:5      | Found Pimmixt's General Store.
  5753 | D:5      | Bought a +2 cloak of poison resistance for 259 gold pieces
  5969 | D:6      | Noticed a komodo dragon
  6356 | D:6      | Found a runed translucent gate.
  6356 | D:6      | Found a runed translucent gate.
  6356 | D:6      | Found a runed translucent gate.
  6360 | D:6      | Noticed LobsterGuardian's ghost (novice BaSu)
  6360 | D:6      | Noticed SirDiesAlot's ghost (novice DEFE)
  6483 | D:6      | Found a bloodstained altar of Trog.
  6752 | D:6      | Found an ornate altar of the Wu Jian Council.
  6773 | D:6      | Reached skill level 5 in Fighting
  6774 | D:6      | Reached skill level 1 in Shields
  6774 | D:6      | Reached XP level 9. HP: 60/74 MP: 12/18
  7366 | D:7      | Found a shimmering altar of Xom.
  7435 | D:7      | Found Koq Jeat's Antique Weapon Boutique.
  8039 | D:8      | Identified the +7 shortbow of Fimbulwinter {flame, Str+3}
  8080 | D:8      | Found a staircase to the Lair.
  8285 | D:8      | Found a glowing silver altar of Zin.
  8315 | D:8      | Found a shadowy altar of Dithmenos.
  8434 | D:8      | Reached skill level 6 in Fighting
  8624 | D:8      | Identified the +1 helmet "Lunte" {rCorr Dex+3}
  8712 | D:8      | Found a shimmering blue altar of Sif Muna.
  8905 | Lair:1   | Entered Level 1 of the Lair of Beasts
  8930 | Lair:1   | Noticed a cane toad
  8936 | Lair:1   | Killed a cane toad
  8937 | Lair:1   | Reached XP level 10. HP: 65/83 MP: 16/20
  8949 | Lair:1   | Noticed a skyshark
  8960 | Lair:1   | Killed a skyshark
  8961 | Lair:1   | Reached skill level 5 in Maces & Flails
  8979 | Lair:1   | Reached skill level 5 in Earth Magic
  8981 | Lair:1   | Reached skill level 5 in Conjurations
  9317 | Lair:1   | Reached skill level 7 in Fighting
  9424 | Lair:1   | You are sucked into a shaft and drop 1 floor!
  9603 | Lair:2   | Noticed a cane toad
  9612 | Lair:2   | Killed a cane toad
  9647 | Lair:2   | Noticed Maggie
  9670 | Lair:2   | Killed Maggie
  9671 | Lair:2   | Reached skill level 5 in Shields
  9747 | Lair:2   | Found the brooch of Shielding {Spirit SH+8}
  9824 | Lair:2   | Reached XP level 11. HP: 82/93 MP: 21/23
 10058 | Lair:2   | Noticed a death yak
 10079 | Lair:2   | Killed a death yak
 10080 | Lair:2   | Reached skill level 8 in Fighting
 10323 | Lair:2   | Noticed a death yak
 10339 | Lair:2   | Killed a death yak
 10340 | Lair:2   | Reached skill level 1 in Summonings
 10351 | Lair:2   | Noticed a death yak
 10352 | Lair:2   | Noticed a death yak
 10356 | Lair:2   | Noticed a death yak
 10358 | Lair:2   | Noticed a death yak
 10367 | Lair:2   | Killed a death yak
 10625 | Lair:2   | Killed a death yak
 10631 | Lair:2   | Killed a death yak
 10632 | Lair:2   | Reached skill level 9 in Fighting
 10637 | Lair:2   | Killed a death yak
 10821 | Lair:2   | Reached skill level 10 in Spellcasting
 10864 | Lair:2   | Identified the +3 short sword of Hoiziel {flame, rF+ rC+
                  | Int+2}
 10951 | Lair:2   | Reached skill level 10 in Ice Magic
 11227 | Lair:2   | Found a hole to the Spider Nest.
 11290 | Lair:2   | Noticed Gastronok
 11305 | Lair:2   | Killed Gastronok
 11554 | Lair:3   | Noticed an eight-headed hydra
 11567 | Lair:3   | Killed an eight-headed hydra
 11568 | Lair:3   | Reached XP level 12. HP: 83/106 MP: 26/26
 11676 | Lair:3   | Reached skill level 10 in Fighting
 11722 | Lair:3   | Found a staircase to the Swamp.
 11726 | Lair:3   | Noticed a six-headed hydra
 11733 | Lair:3   | Killed a six-headed hydra
 12252 | Lair:3   | Noticed a boulder beetle
 12290 | Lair:3   | Killed a boulder beetle
 12349 | Lair:3   | Noticed a four-headed hydra
 12473 | Lair:3   | Killed a four-headed hydra
 12590 | Lair:3   | Reached skill level 11 in Fighting
 12800 | Lair:3   | Identified the +6 chain mail of the Bells {rElec rF++
                  | Regen+ Slay-4}
 13002 | Lair:4   | Noticed a death yak
 13002 | Lair:4   | Noticed a death yak
 13002 | Lair:4   | Noticed a death yak
 13014 | Lair:3   | Killed a death yak
 13026 | Lair:3   | Bought a scroll of blinking for 82 gold pieces
 13026 | Lair:3   | Bought a scroll of enchant armour for 82 gold pieces
 13247 | Lair:4   | Found a staircase to the Slime Pits.
 13247 | Lair:4   | Found a viscous altar of Jiyva.
 13307 | Lair:4   | Noticed a catoblepas
 13338 | Lair:4   | Killed a catoblepas
 13751 | Lair:4   | Killed a death yak
 13752 | Lair:4   | Reached XP level 13. HP: 114/117 MP: 29/29
 13892 | Lair:4   | Reached skill level 12 in Fighting
 14514 | Lair:5   | Entered Level 5 of the Lair of Beasts
 14842 | Lair:5   | Found a transporter.
 15143 | Lair:5   | Found a transporter.
 15158 | Lair:5   | Noticed LustLizard's ghost (journeyman DEAE)
 15390 | Lair:5   | Reached skill level 13 in Fighting
 15556 | Lair:5   | Noticed a dire elephant
 15578 | Lair:5   | Killed a dire elephant
 16408 | Lair:5   | Found the +12 pair of quick blades "Gyre" and "Gimble"
                  | {protect}
 16408 | Lair:5   | Found the +11 Singing Sword {sonic wave}
 16422 | Lair:5   | Identified the +0 robe of the Sun {-Tele MP+9 Slay+2}
 17427 | Lair:1   | Found a hazy altar of Hepliaklqana.
 17742 | Lair:1   | Reached XP level 14. HP: 102/129 MP: 31/31
 18636 | D:9      | Reached skill level 1 in Transmutations
 18963 | D:9      | Found a staircase to the Orcish Mines.
 19650 | Orc:1    | Entered Level 1 of the Orcish Mines
 19931 | Orc:2    | Entered Level 2 of the Orcish Mines
 20620 | Orc:2    | Found Zyud's Magic Scroll Boutique.
 20620 | Orc:2    | Found Xootugh's Antique Armour Emporium.
 20622 | Orc:2    | Found Faob's General Store.
 20622 | Orc:2    | Found Wesitos's General Store.
 20703 | Orc:2    | Found a staircase to the Elven Halls.
 21075 | D:10     | Entered Level 10 of the Dungeon
 21123 | D:10     | Found a flagged portal.
 21151 | Bailey   | Entered a bailey
 21441 | D:10     | Noticed Snorg
 21451 | D:10     | Killed Snorg
 21452 | D:10     | Reached skill level 5 in Dodging
 21550 | D:10     | Noticed Nergalle
 21563 | D:10     | Killed Nergalle
 21698 | D:10     | Noticed Josephine
 21706 | D:10     | Killed Josephine
 21957 | D:10     | Reached skill level 1 in Long Blades
 21984 | D:10     | Found Cheibriados's Comfort Zone.
 21985 | D:10     | Found a snail-covered altar of Cheibriados.
 22793 | D:11     | Reached skill level 14 in Fighting
 23229 | D:11     | Noticed Fannar
 23251 | D:11     | Killed Fannar
 23301 | D:11     | Noticed Harold
 23309 | D:11     | Killed Harold
 23535 | D:12     | Reached XP level 15. HP: 135/138 MP: 33/33
 23992 | D:12     | Identified the amulet "Neit Ola" {Reflect rF+ Str+7 SH+5}
 24056 | D:12     | Identified the ring "Nonnokk" {Fly rElec rC+ rCorr Slay+3}
 24133 | D:12     | Identified the amulet "Guicen" {RegenMP Fragile Str+6}
 24170 | D:12     | Identified the amulet of the Villain {Regen+ Str+2 Int+5
                  | SInv Stlth-}
 25230 | D:13     | Found Koewk's Armour Boutique.
 25609 | D:14     | Reached skill level 5 in Transmutations
 25666 | D:14     | Found a hide-covered altar of Uskayaw.
 26137 | D:14     | Identified 2 scrolls of acquirement
 26140 | D:14     | Acquired 1271 gold pieces
 26141 | D:14     | Acquired 1192 gold pieces
 26158 | D:14     | Bought a potion of brilliance for 72 gold pieces
 26158 | D:14     | Bought a potion of brilliance for 72 gold pieces
 26272 | D:14     | You are sucked into a shaft and drop 1 floor!
 26272 | D:15     | Entered Level 15 of the Dungeon
 26280 | D:15     | Found a staircase to the Depths.
 26762 | D:15     | Reached skill level 15 in Spellcasting
 27597 | D:15     | Reached XP level 16. HP: 104/147 MP: 35/35
 28326 | D:15     | Bought a potion of heal wounds for 95 gold pieces
 28537 | Elf:1    | Entered Level 1 of the Elven Halls
 28951 | Elf:1    | Found Datsiek's Jewellery Emporium.
 29194 | Elf:1    | Reached skill level 1 in Necromancy
 29263 | Orc:2    | Bought a book of Minor Magic for 270 gold pieces
 29268 | Orc:2    | Learned a level 3 spell: Mephitic Cloud
 29642 | Elf:1    | Reached skill level 15 in Fighting
 29658 | Elf:1    | Paralysed by an air elemental for 1 turns
 29993 | Elf:1    | Bought a ring of see invisible for 240 gold pieces
 30101 | Elf:1    | Found Xuwub's Armour Emporium.
 30251 | Elf:1    | Learned a level 4 spell: Olgreb's Toxic Radiance
 30396 | Elf:2    | Reached skill level 1 in Poison Magic
 30628 | Elf:2    | Learned a level 5 spell: Borgnjor's Vile Clutch
 30652 | Elf:2    | Found a magical portal.
 30663 | WizLab   | Entered The Roulette of Golubria
 30663 | WizLab   | Found a transporter.
 30732 | Elf:2    | Found a runed translucent gate.
 30732 | Elf:2    | Found a runed translucent gate.
 30732 | Elf:2    | Found a runed translucent gate.
 30958 | Elf:2    | Learned a level 4 spell: Passage of Golubria
 31135 | Orc:2    | Bought the Teachings on Charred Attendants for 630 gold
                  | pieces
 31139 | Orc:2    | Learned a level 3 spell: Ignite Poison
 31220 | Elf:3    | Entered Level 3 of the Elven Halls
 31450 | Elf:3    | Reached skill level 1 in Translocations
 32001 | Elf:3    | Identified the staff of air "Gezigyom" {rElec Will+ Int+3}
 32211 | Elf:3    | Identified the +2 morningstar of Vacw {freeze, *Slow Fly
                  | Str+2}
 32556 | Elf:1    | Found a radiant altar of Vehumet.
 32747 | Spider:1 | Entered Level 1 of the Spider Nest
 32767 | Lair:2   | Reached XP level 17. HP: 59/156 MP: 35/36
 33543 | Spider:1 | Reached skill level 1 in Air Magic
 34694 | Spider:2 | Noticed Jorgrun
 34704 | Spider:2 | Killed Jorgrun
 34949 | Spider:2 | Noticed Arachne
 34964 | Spider:2 | Reached skill level 5 in Stealth
 34968 | Spider:2 | Killed Arachne
 36310 | Spider:3 | Reached skill level 1 in Fire Magic
 37011 | Spider:3 | Noticed Mlioglotl
 37019 | Spider:3 | Gained mutation: You are weak. (Str -2) [a shining eye]
 37023 | Spider:3 | Noticed Bai Suzhen
 37264 | Spider:3 | Killed Mlioglotl
 37456 | Swamp:1  | Entered Level 1 of the Swamp
 37467 | Swamp:1  | Reached skill level 16 in Fighting
 38137 | Swamp:1  | Reached skill level 5 in Translocations
 38173 | Swamp:1  | Reached XP level 18. HP: 155/166 MP: 34/37
 38563 | Swamp:2  | Reached skill level 10 in Conjurations
 38760 | Swamp:2  | Reached skill level 10 in Earth Magic
 39974 | Swamp:3  | Reached skill level 5 in Air Magic
 40461 | Swamp:3  | Noticed a tentacled monstrosity
 40469 | Swamp:3  | Killed a tentacled monstrosity
 40470 | Swamp:3  | Reached skill level 5 in Long Blades
 40480 | Swamp:3  | Identified the staff of death "Luob" {Drain rElec rN+ Int+3
                  | Dex+2}
 40490 | Swamp:3  | Learned a level 5 spell: Lee's Rapid Deconstruction
 41015 | Swamp:2  | Upgraded the game from 0.30-a0-1075-gcd70e7a56d to
                  | 0.30-a0-1082-g70414cbcbb
 41411 | Swamp:4  | Entered Level 4 of the Swamp
 41442 | Swamp:4  | Noticed a tentacled monstrosity
 41459 | Swamp:4  | Killed a tentacled monstrosity
 41888 | Swamp:4  | Reached skill level 5 in Fire Magic
 42166 | Swamp:4  | Learned a level 6 spell: Statue Form
 42754 | Swamp:4  | Got Feemed's Grimoire of Gases
 42761 | Swamp:4  | Learned a level 5 spell: Freezing Cloud
 43045 | Spider:3 | Killed Bai Suzhen
 43468 | Spider:4 | Entered Level 4 of the Spider Nest
 43498 | Spider:4 | Noticed Aizul
 43512 | Spider:4 | Killed Aizul
 43804 | Spider:4 | Identified Roxanne's Commentary on Forms
 43804 | Spider:4 | Noticed Roxanne
 43810 | Spider:4 | Killed Roxanne
 43967 | Spider:4 | Noticed Kirke
 43976 | Spider:4 | Killed Kirke
 43977 | Spider:4 | Reached skill level 10 in Transmutations
 43977 | Spider:4 | Reached XP level 19. HP: 174/174 MP: 38/38
 44560 | Spider:4 | Reached skill level 17 in Fighting
 45014 | Spider:4 | Got a gossamer rune of Zot
 46527 | Swamp:4  | Noticed a bone dragon
 46546 | Swamp:4  | Killed a bone dragon
 46844 | Swamp:4  | Got a decaying rune of Zot
 46955 | Swamp:3  | Identified the +1 spear of Qieta {flame, rN+}
 47741 | D:14     | Identified the +8 chain mail of the Neverending Lives
                  | {-Tele rPois Str+4 Dex+4}
 47885 | D:14     | Found a gate to the Vaults.
 48268 | Elf:3    | Identified the +7 great mace "Irusor" {flame, rElec rN+
                  | Int-3 Stlth+}
 48308 | Elf:3    | Identified the +5 scimitar "Worm" {drain, *Noise rElec
                  | rPois Will+}
 48589 | Elf:3    | Found the +2 pair of slick slippers {slick, slippery, EV+4}
 48592 | Elf:3    | Identified the +8 longbow of Starshine {drain, rF+}
 48647 | Elf:3    | Identified the +0 pair of gloves of Defence {rF+}
 49038 | Vaults:1 | Entered Level 1 of the Vaults
 49421 | Vaults:1 | Identified the +11 halberd of Foolhardiness {heavy, rElec
                  | rCorr}
 50584 | Vaults:1 | Reached XP level 20. HP: 185/185 MP: 39/39
 50985 | Vaults:1 | Found Muxie's Jewellery Emporium.
 51249 | Vaults:1 | Reached skill level 18 in Fighting
 52797 | Vaults:2 | Identified the +2 scale mail "Biotei" {Regen+ MP+9}
 54659 | Vaults:3 | Learned a level 6 spell: Plasma Beam
 54766 | Vaults:3 | Reached XP level 21. HP: 185/195 MP: 41/41
 55850 | Vaults:3 | Reached skill level 10 in Air Magic
 55912 | Vaults:3 | Reached skill level 19 in Fighting
 56299 | Vaults:3 | Found a staircase to the Crypt.
 57827 | Vaults:4 | Reached skill level 10 in Fire Magic
 58138 | Vaults:4 | Reached skill level 15 in Ice Magic
 58524 | Vaults:2 | Learned a level 7 spell: Ozocubu's Refrigeration
 59588 | Vaults:5 | Entered Level 5 of the Vaults
 59592 | Vaults:5 | Noticed an ancient lich
 59597 | Vaults:5 | Reached skill level 20 in Fighting
 59597 | Vaults:5 | Reached XP level 22. HP: 162/209 MP: 34/44
 59888 | Vaults:5 | Noticed a golden dragon
 59894 | Vaults:5 | Killed a golden dragon
 59901 | Vaults:5 | Noticed a golden dragon
 59903 | Vaults:5 | Killed an ancient lich
 59910 | Vaults:5 | Killed a golden dragon
 60219 | Vaults:4 | Bought a +0 pair of gloves of dexterity for 161 gold pieces
 60504 | D:14     | Bought a scroll of enchant armour for 105 gold pieces
 60890 | Slime:1  | Entered Level 1 of the Pits of Slime
 60892 | Slime:1  | Gained mutation: Your spells are a little easier to cast,
                  | but a little less powerful. [a shining eye]
 64366 | Slime:4  | Upgraded the game from 0.30-a0-1082-g70414cbcbb to
                  | 0.30-a0-1085-g990a428a5c
 65119 | Lair:5   | Bought a ring of wizardry for 480 gold pieces
 65170 | Lair:3   | Bought a scroll of amnesia for 44 gold pieces
 65170 | Lair:3   | Bought a scroll of amnesia for 44 gold pieces
 65170 | Lair:3   | Bought a scroll of blinking for 82 gold pieces
 65181 | Lair:3   | Learned a level 8 spell: Ignition
 65262 | Slime:5  | Entered Level 5 of the Pits of Slime
 66363 | Slime:5  | Reached skill level 15 in Fire Magic
 66412 | Slime:5  | Noticed the Royal Jelly
 67135 | Slime:5  | Killed the Royal Jelly
 67531 | Slime:5  | Got a slimy rune of Zot
 67544 | Slime:5  | Got the Compilation of the Congregation
 67907 | Lair:5   | Killed LustLizard's ghost
 68124 | D:6      | Killed LobsterGuardian's ghost
 68124 | D:6      | Killed SirDiesAlot's ghost
 68685 | Vaults:5 | Reached XP level 23. HP: 121/211 MP: 40/45
 69230 | Vaults:5 | Identified the +1 dire flail of Circularity {spect, Contam
                  | rC+++ Int+6 Dex-2}
 69237 | Vaults:4 | Killed from afar by a golden dragon

Illustrated notes

Levels and vault maps discovered:
D:1:      dpeg_cavernosity, layout_basic, serial_corexii_hall,
          corexii_hall_statues_x, chequers_hall_statues_wall_a, minmay_tall_x
D:2:      layout_loops_cross, roderic_roman_lattice, serial_bayou_crossing
D:3:      layout_basic, grunt_gozag_statues, fedhas_altar_1, grunt_ministairs_9,
          minmay_fractal_squares_5, uniq_natasha
D:4:      layout_basic, mainiacjoe_overflow_brackets, minmay_temple_entry_hall,
          amcnicky_mini_rare_corridor_liquid, nicolae_alphabet_shops
D:5:      layout_loops_cross, mainiacjoe_overflow_alcove_4, old_standard_altar,
          serial_shops, kennysheep_mini_moat, shop, shop,
          nicolae_shop_behind_doors, nicolae_shop_overgrown_old_shop,
          uniq_edmund
D:6:      kennysheep_big_flooded_room, layout_cave_pods, trog_book,
          nzn_wu_jian_council_hall, gammafunk_ghost_cemetery
D:7:      layout_basic, mainiacjoe_overflow_small_starburst, serial_shops,
          nicolae_shop_temple_entry_statues_fountains
D:8:      layout_gridville, nicolae_dithmenos_through_a_glass_darkly,
          zin_academy, nicolae_sif_muna_little_library, lair_entry_dummy,
          minmay_misc_feat_chi
D:9:      minmay_clustersquares, layout_long_grid, zombieorc1_lemuel
D:10:     layout_basic, enter_bailey_4, serial_bayou_pond_c, minmay_shop_chei,
          uniq_snorg, uniq_nergalle, uniq_josephine
D:11:     layout_grid_maze, uniq_fannar, uniq_harold
D:12:     minmay_the_grid_triangle_9x9_line_8_mashed
          [minmay_the_grid_triangle_9x9_sprig,
          minmay_the_grid_triangle_9x9_flanged_cone,
          minmay_the_grid_triangle_9x9_stretched_checkered,
          minmay_the_grid_triangle_9x9_impossible_snake,
          minmay_the_grid_triangle_9x9_from_above,
          minmay_the_grid_triangle_9x9_corruption,
          minmay_the_grid_triangle_9x9_thin_v,
          minmay_the_grid_triangle_9x9_prize_special], layout_cave_pools
D:13:     layout_irregular_city, serial_shops, nicolae_square_shop,
          serial_park_tiny_1
D:14:     layout_irregular_city, david_vaults_5, nicolae_uskayaw_en_pointe,
          nicolae_lava_and_water, minmay_strange_pillars
D:15:     gammafunk_depths_entry_grave, layout_stronghold,
          chequers_decorated_corner, serial_ice, serial_ice_e, serial_ice_a,
          serial_ice_g, serial_ice_n, serial_ice_b,
          portal_ice_cave_entry_pillars_three
Lair:1:   layout_hall_layers, lemuel_centaur_altar, grunt_megastairs_2
Lair:2:   layout_regular_city, hellmonk_spider_entry_not_the_bees,
          guppyfry_lair_drakes, uniq_maggie, uniq_gastronok
Lair:3:   layout_roguey, palyth_hydra_swamp_entry,
          nicolae_lair_run_with_the_wolves
Lair:4:   layout_cave_shapes, minmay_slime_entry_eyes, lemuel_fruit_tree
Lair:5:   grunt_lair_end_beastmaster, layout_gridlike, gammafunk_ghost_arena,
          infiniplex_staircase_pool_2
Swamp:1:  layout_basic_swamp, nicolae_swamp_decorative_isthmus
Swamp:2:  layout_falls_marsh, evilmike_swamp_ruin_house_1, swamp_pool5
Swamp:3:  nzn_winding_woodlands_cross
          [nzn_winding_woodlands_5x15_pathside_ponds,
          nzn_winding_woodlands_5x15_sawtooth,
          nzn_winding_woodlands_5x15_pockets, nzn_winding_woodlands_5x15_twine,
          nzn_winding_woodlands_15x15_boxy_spiral], layout_falls_marsh,
          infiniplex_staircase_pool, swamp_pool4
Swamp:4:  swamp_pestilence, layout_basic_swamp
Spider:1: nicolae_spider_mines_1, drop_trap
Spider:2: layout_spider_delve, uniq_jorgrun, uniq_arachne
Spider:3: layout_spider_delve, uniq_mlioglotl, uniq_bai_suzhen
Spider:4: johnstein_spider_rune_arachne_lair, drop_trap, uniq_roxanne,
          uniq_kirke, uniq_aizul
Slime:1:  layout_caves
Slime:2:  layout_caves
Slime:3:  layout_caves, nicolae_slime_barrier,
          cheibrodos_slime_lost_civilization_6
Slime:4:  layout_caves
Slime:5
Orc:1:    nicolae_orc_accident_3, layout_diamond_mine
Orc:2:    grunt_orc_tribal_feast, layout_caves, basic_altar,
          guppyfry_library_mini
Elf:1:    nicolae_elf_arrival_fired_up, layout_geoelf_grid, serial_shops, shop,
          shop, minmay_elf_crystal_hexagon, lemuel_upstairs_altar
Elf:2:    elven_hall_of_blades_hangedman_original
          [nicolae_blade_entry_hurt_lockers], layout_geoelf_octagon,
          infiniplex_enter_wizlab_glasses
Elf:3:    grunt_elf_hall_spiral, layout_geoelf_grid
Vaults:1: grunt_vaults_swirl, dpeg_vaults_monster_box,
          vaults_room_grunt_arrival_checkpoint, st_octagons_1,
          nicolae_vaults_big_ls, hangedman_vaults_stitches,
          nicolae_vaults_asterisk, v_misc_15, vaults_room_grid,
          grunt_vaults_hallway_short, vaults_room_fours,
          layout_vaults_chaotic_city, serial_shops, shop
Vaults:2: v_rooms_5, v_alt_pattern_4, v_rooms_6, grunt_vaults_hallway_short,
          nicolae_vaults_network_s, nicolae_vaults_little_squares_1,
          hangedman_vaults_stretched_pinwheel, v_misc_11,
          dpeg_vaults_monster_row, nicolae_vaults_little_squares_6,
          nicolae_vaults_theta, layout_vaults_ring
Vaults:3: hangedman_vaults_hat, vaults_room_hallway,
          minmay_crypt_entry_simple_box, ontoclasm_vaults_loading_screen,
          vaults_dpeg_encased_lava, v_misc_17, ontoclasm_vaults_idyll,
          v_pattern_2, vaults_mumra_hex, nicolae_vaults_specimen_jars,
          nicolae_vaults_little_squares_6, nicolae_vaults_yaktaur_gun_rack,
          layout_vaults_quadrants, uniq_margery
Vaults:4: v_misc_3, v_alt_pattern_3, v_misc_13, special_room_vaults
          [special_room_orc], nicolae_vaults_little_squares_6,
          ontoclasm_vaults_ring_square, vaults_standard_mumra_x,
          vaults_room_fours, ontoclasm_vaults_pinch,
          nicolae_vaults_network_periphery, nicolae_vaults_ninety_degrees,
          v_misc_18, vaults_room_grid, layout_vaults_omnibox
Vaults:5

Skill      XL: |  1  2  3  4  5  6  7  8  9 10 11 12 13 14 15 16 17 18 19 20 21 22 |
---------------+-------------------------------------------------------------------+-----
Dodging        | 2 3 4 5 6 7 |  7.5
Fighting       | 1 2 3 5 6 7 9 11 13 14 15 16 17 18 20 | 20.0
Spellcasting   | 3 4 5 6 7 8 10 12 13 14 15 16 18 | 18.4
Ice Magic      | 5 6 7 8 10 11 13 14 15 16 | 16.3
Maces & Flails | 1 2 3 4 5 6 |  6.2
Earth Magic    | 1 3 4 5 6 7 8 9 11 | 11.8
Conjurations   | 1 3 4 5 6 7 8 9 11 12 | 12.2
Shields        | 1 3 5 6 |  6.0
Summonings     | 3 4 |  4.4
Stealth        | 2 4 5 |  5.0
Transmutations | 3 5 7 8 10 11 12 | 12.5
Long Blades    | 2 3 4 5 6 |  6.9
Necromancy     | 3 4 |  4.0
Poison Magic   | 3 4 |  4.0
Translocations | 2 5 |  5.0
Air Magic      | 4 5 7 9 10 | 10.3
Fire Magic     | 2 5 7 8 10 16 | 16.8
Evocations     | |  0.5

Action                     |  1- 3 |  4- 6 |  7- 9 | 10-12 | 13-15 | 16-18 | 19-21 | 22-24 || total
---------------------------+-------+-------+-------+-------+-------+-------+-------+-------++-------
  Melee: Unarmed           |    25 |       |       |       |       |       |       |       ||    25
         Club              |    13 |       |       |       |       |       |       |       ||    13
         Tailslap          |    12 |    11 |    23 |    68 |   201 |   123 |   160 |    27 ||   625
         Staff             |    67 |    57 |       |       |       |       |       |       ||   124
         Punch             |     1 |       |     1 |       |       |       |       |       ||     2
         Mace              |       |    37 |   143 |   346 |   394 |    78 |       |   101 ||  1099
         Double sword      |       |       |       |       |   626 |   545 |   613 |     8 ||  1792
   Fire: Shortbow          |       |       |       |       |    18 |       |       |       ||    18
  Throw: Stone             |       |     3 |     8 |    38 |    59 |     5 |       |       ||   113
         Dart              |       |       |     2 |     6 |    12 |       |       |       ||    20
         Boomerang         |       |       |       |       |       |    57 |    29 |     7 ||    93
   Cast: Freeze            |    43 |    17 |       |     6 |    12 |       |       |       ||    78
         Frozen Ramparts   |     3 |    12 |    28 |    55 |   110 |    59 |    57 |       ||   324
         Ozocubu's Armour  |     1 |     5 |    18 |    37 |    75 |    69 |    20 |     4 ||   229
         Stone Arrow       |       |       |       |    10 |    30 |   187 |    52 |     8 ||   287
         Mephitic Cloud    |       |       |       |       |       |    49 |    17 |       ||    66
         Olgreb's Toxic Ra |       |       |       |       |       |   162 |    69 |       ||   231
         Ignite Poison     |       |       |       |       |       |    40 |    17 |       ||    57
         Borgnjor's Vile C |       |       |       |       |       |   133 |    89 |    10 ||   232
         Lee's Rapid Decon |       |       |       |       |       |    12 |    23 |     3 ||    38
         Freezing Cloud    |       |       |       |       |       |     5 |    75 |       ||    80
         Statue Form       |       |       |       |       |       |     4 |    49 |     9 ||    62
         Passage of Golubr |       |       |       |       |       |       |     1 |       ||     1
         Plasma Beam       |       |       |       |       |       |       |    61 |    33 ||    94
         Ozocubu's Refrige |       |       |       |       |       |       |    22 |   189 ||   211
         Ignition          |       |       |       |       |       |       |       |    28 ||    28
 Invoke: Call Merchant     |       |       |       |     1 |     6 |     2 |     2 |     1 ||    12
  Evoke: Wand              |       |       |       |       |     3 |     1 |       |       ||     4
         Phial of floods   |       |       |       |       |       |     3 |       |       ||     3
         Phantom mirror    |       |       |       |       |       |     1 |       |       ||     1
         Tin of tremorston |       |       |       |       |       |     1 |       |       ||     1
    Use: Scroll            |       |     1 |     7 |    11 |    13 |     9 |     3 |     7 ||    51
         Potion            |       |     1 |       |       |     1 |     9 |     6 |     9 ||    26
   Stab: Sleeping          |     3 |       |     2 |       |     3 |     2 |     6 |     1 ||    17
         Distracted        |       |       |       |       |     7 |     3 |     6 |       ||    16
         Confused          |       |       |       |       |       |     6 |     4 |       ||    10
 Armour: Skin              |    61 |    60 |    87 |   242 |   912 |   765 |   984 |   240 ||  3351
  Dodge: Dodged            |   103 |    82 |    94 |   232 |   731 |   631 |   844 |   155 ||  2872
  Block: Buckler           |       |       |     4 |   148 |   567 |   439 |   478 |   112 ||  1748

Table legend: (Time is in decaauts)
 A = Elapsed time spent in this place.
 B = Non-inter-level travel time spent in this place.
 C = Inter-level travel time spent in this place.
 D = Time resting spent in this place.
 E = Time spent auto-exploring this place.
 F = Levels seen in this place.
 G = Mean time per level.
                   A        B        C        D        E       F      G
               +--------+--------+--------+--------+--------+-----+--------+
         Total |  74511 |  68667 |   5844 |  15181 |  37492 |  45 | 1655.8 |
       Dungeon |  20212 |  18219 |   1993 |   1603 |  12478 |  15 | 1347.5 |
          Lair |  11845 |  10796 |   1049 |   2741 |   5945 |   5 | 2369.0 |
         Swamp |   7246 |   6809 |    437 |   1891 |   3001 |   4 | 1811.5 |
   Spider Nest |   7695 |   7257 |    438 |   1805 |   3725 |   4 | 1923.8 |
    Slime Pits |   7098 |   6734 |    364 |   2530 |   2720 |   5 | 1419.6 |
  Orcish Mines |   2126 |   1847 |    279 |    298 |    952 |   2 | 1063.0 |
   Elven Halls |   4658 |   4142 |    516 |    946 |   1946 |   3 | 1552.7 |
        Vaults |  13324 |  12559 |    765 |   3365 |   6596 |   5 | 2664.8 |
        Bailey |    291 |    291 |      0 |      0 |    126 |   1 |  291.0 |
        Wizlab |     11 |     11 |      0 |      0 |      0 |   1 |   11.0 |
               +--------+--------+--------+--------+--------+-----+--------+

Top non-repeatable levels by time:
Vaults:4: 3689 daAuts
Vaults:1: 3393 daAuts
Vaults:2: 3255 daAuts
  Lair:2: 3222 daAuts
 Slime:4: 3186 daAuts
Vaults:3: 2924 daAuts
  Lair:5: 2900 daAuts
Spider:4: 2869 daAuts
 Swamp:3: 2312 daAuts
    D:15: 2261 daAuts
 Swamp:4: 2256 daAuts
  Lair:3: 2225 daAuts
   Elf:3: 2131 daAuts
Spider:2: 1848 daAuts
  Lair:1: 1833 daAuts
